 Dungeon Sprint DCSS version 0.27-a0-1232-gc6a4cbde82 (webtiles) character file.

Game seed: 1275698932270132780

11423 night the Brawler (level 11, -42/72 (77) HPs)
             Began as a White Draconian Transmuter on June 8, 2021.
             Was an Initiate of Gozag.
             Annihilated by an orc knight
             ... wielding a +3 war axe of draining
              (52 damage)
             ... in the Dungeon (Sprint IX: "|||||||||||||||||||||||||||||").
             The game lasted 00:11:25 (2260 turns).

night the Brawler (White Draconian Transmuter)      Turns: 2260, Time: 00:11:25

HP:   -42/72 (77)   AC:  6    Str: 15    XL:     11   Next: 49%
MP:   20/22         EV: 28    Int: 13    God:    Gozag
Gold: 1275          SH:  0    Dex: 16    Spells: 4/24 levels left

rFire    + . .     SeeInvis .     - Unarmed
rCold    + . .     Faith    .   (shield currently unavailable)
rNeg     . . .     Spirit   .   (armour unavailable)
rPois    .         Reflect  .   (helmet currently unavailable)
rElec    +         Harm     .   (cloak currently unavailable)
rCorr    +         Rampage  .   (gloves currently unavailable)
Will     .....     NoTele   +   (boots currently unavailable)
Stlth    +.........             (no amulet)
HPRegen  0.22/turn              k - +2 ring of protection
MPRegen  0.18/turn              l - +2 ring of protection

@: mighty, spider-form, resistant, gold aura, on berserk cooldown, slowed,
drained, very slow
A: venomous fangs, (breathe frost), AC +7, tiny, unfitting armour, (cold
resistance 2), (cold-blooded), (hooves 1), dopey 1
a: End Transformation, Renounce Religion, Potion Petition, Call Merchant, Bribe
Branch


You were in the Dungeon.
You worshipped Gozag.
Gozag was most pleased with you.
You were a venomous arachnid creature.
You visited 1 branch You collected 5475 gold pieces.
You spent 690 gold pieces at shops.
You paid 3510 gold pieces to Gozag.

Inventory:

Missiles
 p - 9 boomerangs
Armour
 i - a +0 pair of gloves (melded)
 j - a +0 pair of boots (melded)
 o - a +2 hat of willpower (melded)
Jewellery
 k - a +2 ring of protection (left front leg)
 l - a +2 ring of protection (right front leg)
Wands
 h - a wand of acid (3)
Scrolls
 a - a scroll of fear
 d - 2 scrolls of identify
 f - 2 scrolls of amnesia
 g - 3 scrolls of blinking
 m - 2 scrolls of enchant weapon
Potions
 b - 6 potions of curing
 c - 6 potions of heal wounds
 e - 4 potions of magic
 n - a potion of degeneration


   Skills:
 - Level 1.1 Fighting
 - Level 12.0 Dodging
 * Level 19.6 Unarmed Combat
 + Level 7.4 Spellcasting
 + Level 4.0 Translocations
 - Level 10.1 Transmutations
 - Level 6.0 Ice Magic
 - Level 6.0 Poison Magic


You had 4 spell levels left.
You knew the following spells:

 Your Spells              Type           Power      Damage    Failure   Level
a - Beastly Appendage     Tmut           62%        N/A       2%          1
b - Wereblood             Tmut           31%        N/A       3%          2
c - Spider Form           Tmut/Pois      12%        N/A       7%          3
d - Ice Form              Ice/Tmut       25%        N/A       16%         4
e - Hydra Form            Tmut           15%        N/A       17%         5
f - Manifold Assault      Tloc           15%        N/A       78%         5

Your spell library contained the following spells:

 Spells                   Type           Power      Damage    Failure   Level
 Blink                    Tloc           N/A        N/A       13%         2
 Foxfire                  Conj/Fire      16%        2x1d4     32%         1
 Magic Dart               Conj           16%        1d3       32%         1
 Mephitic Cloud           Conj/Pois/Air  10%        N/A       38%         3
 Call Imp                 Summ           4%         N/A       43%         2
 Searing Ray              Conj           8%         3d3       43%         2
 Slow                     Hex            4%         N/A       43%         2
 Static Discharge         Conj/Air       4%         N/A       43%         2
 Conjure Flame            Conj/Fire      4%         6-21      63%         3
 Stone Arrow              Conj/Erth      8%         3d7       63%         3
 Spellforged Servitor     Conj/Summ      2%         N/A       100%        7


Dungeon Overview and Level Annotations

Branches:
Dungeon (1/1)

Altars:
Cheibriados
Dithmenos
Elyvilon
Fedhas
Gozag
Hepliaklqana
Kikubaaqudgha
Makhleb
Nemelex Xobeh
Okawaru
Qazlal
Ru
Sif Muna
Trog
Uskayaw
Vehumet
Wu Jian
Xom
Yredelemnul
Zin
The Shining One
Beogh
Jiyva
Lugonu

Shops:
D :=:


Innate Abilities, Weirdness & Mutations

You are a venomous arachnid creature.
You have poisonous fangs.
You are tiny and dextrous.
Your spellcasting is less reliable in this form.
Your armour is entirely melded.
You are incapable of wielding weapons or throwing items.
((You can breathe waves of freezing cold which knock back foes.))
((Your icy white scales are hard. (AC +7)))
You cannot fit into any form of body armour.
((Your flesh is very cold resistant. (rC++)))
((You are cold-blooded and may be slowed by cold attacks.))
((You have large cloven feet.))
You are dopey. (Int -2)


Message History

The orc knight is distracted by your dazzling golden aura. x2
Your Spellcasting skill increases to level 7!
Your Translocations skill increases to level 3!
The orc knight is no longer distracted by gold.
The orc high priest hits you with a +0 hand axe!
Found Cecacru's Book Shop.
Things that are here:
95 gold pieces; a +0 flail; a +0 leather armour The orc knight shouts!
You maul the orc high priest!!
The orc high priest looks as sick as possible!
The orc high priest is heavily wounded.
You maul the orc high priest!!
You kill the orc high priest!
The orc knight is no longer distracted by gold.
The orc knight is distracted by your dazzling golden aura.
Your Translocations skill increases to level 4!
The orc high priest prays to Beogh.
Things that are here:
63 gold pieces; a +0 hand axe; a +0 ring mail The orc knight shouts!
You maul the orc knight!!
The orc knight is poisoned.
The orc knight is no longer distracted by gold.
The orc knight is moderately wounded.
The orc knight hits you with a +3 war axe of draining!!
* * * LOW HITPOINT WARNING * * *
You feel drained.
* * * LOW HITPOINT WARNING * * *
You bite the orc knight!
The orc knight looks as sick as possible!
The orc knight is heavily wounded.
You are no longer berserk.
You are exhausted.
You feel yourself slow down.
You barely miss the orc knight.
The orc knight is heavily wounded.
The orc knight hits you with a +3 war axe of draining!!!
Ouch! That really hurt!
You die...
Your body crumbles into a pile of gold.

▓.▓.▓.▓.▓
▓.▓.▓.▓.▓.▓
▓3▓.▓.▓.▓[▓
▓o▓.▓.▓.▓.▓
▓o▓.▓.▓.▓.▓
▓o▓.▓.▓.▓.▓
▓o▓.▓.▓.▓)▓
▓o▓.▓.▓.▓.▓
▓s▓.▓.▓.▓.▓
▓$▓.▓'▓.▓'▓
▓$▓.▓.▓.▓_▓
▓$▓.▓.▓.▓_▓
▓.▓.▓.▓.▓_▓
▓.▓.▓.▓.▓_▓
▓.▓.▓.▓.▓_▓
▓.▓.▓.▓.▓_▓
▓∩▓.▓.▓.▓_▓


You could see 4 orc knights, an orc high priest (strong) and a sixfirhy
(summoned).

Vanquished Creatures
  Gastronok (D)
  A hydra (D)
  2 centaur warriors (D)
  2 orc high priests (D)
  2 orc knights (D)
  A black mamba (D)
  A torpor snail (D)
  A cane toad (D)
  A komodo dragon (D)
  4 tyrant leeches (D)
  A polar bear (D)
  A slime creature (D)
  3 blink frogs (D)
  2 wyverns (D)
  A basilisk (D)
  3 vampire mosquitoes (D)
  An acid dragon (D)
  5 water moccasins (D)
  13 orc warriors (D)
  2 wolves (D)
  2 bullfrogs (D)
  A scorpion (D)
  An orc priest (D)
  An iguana (D)
  5 orc wizards (D)
  A gnoll (D)
  An adder zombie (D)
  7 orcs (D)
  A ball python (D)
  A bat skeleton (D)
  A giant cockroach (D)
  2 goblins (D)
  2 ball python zombies (D)
  A frilled lizard (D)
  A quokka zombie (D)
76 creatures vanquished.

Vanquished Creatures (others)
  A cyclops (D)
  A howler monkey (D)
2 creatures vanquished.

Grand Total: 78 creatures vanquished

Notes
Turn   | Place    | Note
-------+----------+-------------------------------------------
     0 | D        | night the Draconian Transmuter began the quest for the Orb.
     0 | D        | Reached XP level 1. HP: 16/16 MP: 3/3
    18 | D        | Reached skill level 2 in Dodging
    84 | D        | Noticed a scorpion
    84 | D        | Noticed an iguana
    88 | D        | Reached skill level 4 in Unarmed Combat
    88 | D        | Reached XP level 2. HP: 23/23 MP: 5/5
    95 | D        | Reached skill level 5 in Unarmed Combat
    95 | D        | Reached XP level 3. HP: 28/28 MP: 6/6
    96 | D        | Killed a scorpion
    97 | D        | Reached skill level 6 in Unarmed Combat
    97 | D        | Reached XP level 4. HP: 35/35 MP: 7/7
   151 | D        | Learned a level 2 spell: Wereblood
   155 | D        | Learned a level 3 spell: Spider Form
   184 | D        | Found a snail-covered altar of Cheibriados.
   184 | D        | Found a shadowy altar of Dithmenos.
   184 | D        | Found a white marble altar of Elyvilon.
   184 | D        | Found a blossoming altar of Fedhas.
   184 | D        | Found an opulent altar of Gozag.
   185 | D        | Found a hazy altar of Hepliaklqana.
   186 | D        | Found a viscous altar of Jiyva.
   187 | D        | Found an ancient bone altar of Kikubaaqudgha.
   188 | D        | Found a corrupted altar of Lugonu.
   189 | D        | Found a burning altar of Makhleb.
   190 | D        | Found a sparkling altar of Nemelex Xobeh.
   191 | D        | Found an iron altar of Okawaru.
   192 | D        | Became a worshipper of Gozag Ym Sagoz the Greedy
   193 | D        | Found a stormy altar of Qazlal.
   194 | D        | Found a sacrificial altar of Ru.
   195 | D        | Found a shimmering blue altar of Sif Muna.
   196 | D        | Found a bloodstained altar of Trog.
   197 | D        | Found a hide-covered altar of Uskayaw.
   198 | D        | Found a radiant altar of Vehumet.
   199 | D        | Found an ornate altar of the Wu Jian Council.
   200 | D        | Found a shimmering altar of Xom.
   201 | D        | Found a basalt altar of Yredelemnul.
   202 | D        | Found a glowing silver altar of Zin.
   203 | D        | Found a glowing golden altar of the Shining One.
   239 | D        | Noticed a vampire mosquito
   239 | D        | Noticed an acid dragon
   245 | D        | Killed an acid dragon
   246 | D        | Reached skill level 5 in Dodging
   246 | D        | Reached skill level 8 in Unarmed Combat
   246 | D        | Reached skill level 5 in Transmutations
   246 | D        | Reached XP level 5. HP: 40/40 MP: 8/8
   265 | D        | Killed a vampire mosquito
   266 | D        | Reached skill level 10 in Unarmed Combat
   266 | D        | Reached XP level 6. HP: 23/47 MP: 9/9
   438 | D        | Noticed a slime creature
   438 | D        | Noticed a centaur warrior
   438 | D        | Noticed a cyclops
   438 | D        | Noticed a centaur warrior
   438 | D        | Noticed a vampire mosquito
   443 | D        | Killed a vampire mosquito
   446 | D        | Killed a cyclops
   453 | D        | Killed a centaur warrior
   454 | D        | Reached skill level 12 in Unarmed Combat
   454 | D        | Your scales start taking on an icy white colour.
   454 | D        | Reached XP level 7. HP: 41/52 MP: 7/10
   454 | D        | Gained mutation: Your flesh is cold resistant. (rC+) [White
                  | Draconian growth]
   465 | D        | Killed a centaur warrior
   466 | D        | Reached skill level 13 in Unarmed Combat
   466 | D        | Reached XP level 8. HP: 21/59 MP: 8/11
   473 | D        | Killed a slime creature
   474 | D        | Reached skill level 10 in Transmutations
   766 | D        | Learned a level 4 spell: Ice Form
   786 | D        | Gained mutation: You are dopey. (Int -2) [potion of
                  | mutation]
   786 | D        | Gained mutation: You have large cloven feet. [potion of
                  | mutation]
   786 | D        | Gained mutation: Your flesh is very cold resistant. (rC++)
                  | [potion of mutation]
   796 | D        | Noticed a blink frog
   796 | D        | Noticed a black mamba
   796 | D        | Noticed a four-headed hydra
   808 | D        | Reached skill level 2 in Ice Magic
   808 | D        | Reached skill level 1 in Poison Magic
   808 | D        | Killed a four-headed hydra
   809 | D        | Reached skill level 10 in Dodging
   809 | D        | Reached skill level 14 in Unarmed Combat
   809 | D        | Reached XP level 9. HP: 19/64 MP: 12/12
   814 | D        | HP: 4/64 [black mamba (8)]
   816 | D        | Killed a black mamba
   817 | D        | Reached skill level 5 in Ice Magic
   835 | D        | Reached skill level 15 in Unarmed Combat
   835 | D        | HP: 8/64 [wyvern (3)]
   845 | D        | Reached skill level 5 in Poison Magic
  1132 | D        | Noticed a torpor snail
  1132 | D        | Noticed a polar bear
  1132 | D        | Noticed a komodo dragon
  1135 | D        | Killed a komodo dragon
  1140 | D        | Killed a polar bear
  1141 | D        | Reached XP level 10. HP: 71/71 MP: 13/13
  1142 | D        | Noticed a cane toad
  1149 | D        | Reached skill level 16 in Unarmed Combat
  1154 | D        | Killed a torpor snail
  1161 | D        | Killed a cane toad
  1217 | D        | Reached skill level 17 in Unarmed Combat
  1480 | D        | Reached skill level 12 in Dodging
  1682 | D        | Noticed Gastronok
  1702 | D        | Killed Gastronok
  1703 | D        | Reached skill level 18 in Unarmed Combat
  1703 | D        | Reached skill level 5 in Spellcasting
  1703 | D        | Reached XP level 11. HP: 53/77 MP: 13/18
  1939 | D        | Learned a level 5 spell: Hydra Form
  2216 | D        | Bought Ryefrush's Catalogue of Orientation and Conjuration
                  | for 690 gold pieces
  2222 | D        | Learned a level 5 spell: Manifold Assault
  2227 | D        | Found Esar's Jewellery Boutique.
  2227 | D        | Noticed an orc knight
  2227 | D        | Noticed an orc high priest
  2227 | D        | Noticed an orc high priest
  2227 | D        | Noticed an orc knight
  2227 | D        | Noticed an orc knight
  2228 | D        | Noticed an orc knight
  2231 | D        | Noticed an orc knight
  2238 | D        | Killed an orc knight
  2239 | D        | Reached skill level 19 in Unarmed Combat
  2239 | D        | Reached skill level 1 in Translocations
  2239 | D        | Noticed an orc knight
  2245 | D        | Killed an orc knight
  2246 | D        | Reached skill level 2 in Translocations
  2251 | D        | Noticed an orc high priest
  2253 | D        | Killed an orc high priest
  2254 | D        | Found Cecacru's Book Shop.
  2256 | D        | Killed an orc high priest
  2258 | D        | Noticed a sixfirhy
  2258 | D        | HP: 15/108 [orc knight/+3 war axe of draining (4)]
  2260 | D        | Annihilated by an orc knight

Illustrated notes

Levels and vault maps discovered:
D:        linesprint [early_d, line_temple, items_1, d_10, items_2, lair_1,
          lair_end, items_3, orc_1, orc_end, items_4, d_15, swamp_1, shoals_1,
          snake_1, spider_1, d_20, vaults_1, items_5, swamp_end, shoals_end,
          snake_end, spider_end, vaults_end, d_27, items_6, zot_1, zot_end,
          crypt_end, forest_end, elf_end, slime_end, tomb_end, abyss_end,
          pan_hell_end]

Skill      XL: |  1  2  3  4  5  6  7  8  9 10 11 |
---------------+----------------------------------+-----
Dodging        | 2 3 4 5 6 8 9 10 12 | 12.0
Unarmed Combat | 4 5 6 8 10 12 13 14 15 18 19 | 19.6
Transmutations | 3 4 5 7 8 9 10 | 10.1
Ice Magic      | 4 6 |  6.0
Poison Magic   | 3 5 6 |  6.0
Spellcasting   | 5 7 |  7.4
Translocations | 4 |  4.0
Fighting       | |  1.1

Action                   |  1- 3 |  4- 6 |  7- 9 | 10-12 || total
-------------------------+-------+-------+-------+-------++-------
Melee: Unarmed           |    28 |    42 |    62 |   162 ||   294
       Tailslap          |     3 |     1 |     5 |     2 ||    11
       Punch             |       |     2 |     4 |     1 ||     7
 Cast: Spider Form       |       |     2 |       |     1 ||     3
       Ice Form          |       |       |       |     2 ||     2
       Hydra Form        |       |       |       |     1 ||     1
Invok: Potion Petition   |       |       |     3 |     3 ||     6
       Call Merchant     |       |       |       |     1 ||     1
 Abil: End Transformatio |       |       |     1 |       ||     1
       Breathe Frost     |       |       |     2 |     2 ||     4
Evoke: Wand              |       |       |     3 |     4 ||     7
  Use: Potion            |     1 |     3 |     2 |     1 ||     7
       Scroll            |       |       |       |     1 ||     1
 Stab: Invisible         |       |     1 |     3 |       ||     4
Armor: Skin              |     2 |     9 |    26 |    20 ||    57
Dodge: Dodged            |    12 |    37 |    37 |    60 ||   146

Table legend: (Time is in decaauts)
 A = Elapsed time spent in this place.
 B = Non-inter-level travel time spent in this place.
 C = Inter-level travel time spent in this place.
 D = Time resting spent in this place.
 E = Time spent auto-exploring this place.
 F = Levels seen in this place.
 G = Mean time per level.
                   A        B        C        D        E       F      G
               +--------+--------+--------+--------+--------+-----+--------+
         Total |   2151 |   2151 |      0 |   1329 |    284 |   1 | 2151.0 |
       Dungeon |   2151 |   2151 |      0 |   1329 |    284 |   1 | 2151.0 |
               +--------+--------+--------+--------+--------+-----+--------+

Top non-repeatable levels by time:
       D: 2151 daAuts
